Map: Rorschach LE

Players

ratgameplay (uThermal) - Winner!

  • Race: Terran Terran
  • League: Grandmaster
  • Spawn Location: 5:00

Geralt (Gerald)

  • Race: Protoss Protoss
  • League: Grandmaster
  • Spawn Location: 7:00

Event: HomeStory Cup XXIX

VOD

Have the link to the VOD?

Description

Time

  • Played on: July 4, 2026, 6:44 a.m.
  • Length: 10:06

All games in this series

Show
View Real Time Build Order
Export as new Build Order

ratgameplay Terran - Winner!

Build Orders:  

Get SALT Encoding   

  8  0:00  SCV  
  9  0:12  SCV  
  10  0:24  SCV  
  11  0:36  SCV  
  11  0:41  Supply Depot  
  12  0:48  SCV  
  13  1:03  SCV  
  14  1:04  Barracks  
  14  1:06  Refinery  
  14  1:15  SCV  
  15  1:27  SCV  
  16  1:35  Engineering Bay  
  16  1:39  SCV  
  17  1:51  Marine  
  17  1:52  Orbital Command  
  18  2:08  Factory  
  18  2:16  Supply Depot  
  18  2:18  SCV  
  19  2:26  Barracks Reactor  
  19  2:30  SCV  
  20  2:43  SCV  
  21  2:58  Command Center  
  21  3:05  Starport  
  21  3:10  Hellion  
  21  3:12  Hellion  
  25  3:15  Supply Depot  
  25  3:17  SCV  
  25  3:31  Hellion  
  25  3:34  Hellion  
  29  3:37  SCV  
  29  3:41  Medivac  
  32  3:45  Refinery  
  32  3:49  SCV  
  33  3:59  Marine  
  33  4:00  Marine  
  33  4:01  Factory Tech Lab  
  35  4:04  SCV  
  36  4:11  Orbital Command  
  36  4:16  Barracks  
  36  4:17  Marine x2  
  36  4:23  SCV  
  39  4:36  Marine  
  39  4:37  SCV  
  39  4:38  Siege Tank  
  44  4:44  SCV  
  41  4:49  Marine  
  41  4:50  SCV  
  41  4:52  Orbital Command  
  37  5:02  SCV  
  37  5:05  Bunker  
  37  5:06  Barracks Tech Lab  
  38  5:10  Siege Tank  
  38  5:11  Marine  
  38  5:12  Marine  
  43  5:19  SCV  
  44  5:22  Supply Depot  
  44  5:23  SCV  
  44  5:27  Marine  
  46  5:31  Marine  
  46  5:32  Marine  
  46  5:33  SCV  
  42  5:45  Marine, SCV  
  42  5:48  Stimpack  
  42  5:49  Marine  
  43  5:50  SCV  
  44  5:57  SCV  
  44  5:59  Barracks  
  44  6:00  Marine  
  44  6:02  SCV  
  44  6:03  Marine  
  48  6:06  Marine  
  48  6:09  SCV  
  50  6:11  Engineering Bay  
  50  6:14  Supply Depot  
  50  6:16  SCV  
  50  6:17  Starport, Factory Reactor  
  51  6:21  SCV  
  51  6:22  Marine, Refinery  
  55  6:26  Marauder  
  55  6:27  Marine  
  55  6:28  SCV  
  57  6:34  SCV  
  57  6:37  Terran Infantry Weapons Level 1  
  57  6:39  Supply Depot  
  58  6:40  SCV  
  58  6:41  Marine  
  58  6:44  Marine  
  58  6:47  SCV, Marauder  
  64  6:49  Marauder  
  64  6:50  Combat Shield  
  66  6:55  Refinery  
  66  6:58  Supply Depot  
  66  7:01  Medivac, SCV x2  
  70  7:04  Medivac  
  70  7:06  Marine  
  73  7:12  Supply Depot  
  73  7:13  SCV  
  73  7:15  Starport Tech Lab  
  74  7:19  Marine x2, SCV  
  74  7:20  Marauder  
  79  7:22  Supply Depot  
  79  7:27  Concussive Shells  
  79  7:28  Supply Depot  
  79  7:29  Factory Reactor, SCV  
  80  7:31  Marine  
  81  7:37  Marauder  
  81  7:38  SCV  
  81  7:42  SCV  
  85  7:44  Marine  
  85  7:45  Marauder  
  85  7:48  Liberator  
  91  7:52  Supply Depot, SCV  
  91  7:54  Supply Depot  
  91  7:55  Supply Depot  
  92  7:58  Marine, Supply Depot  
  92  8:03  Liberator  
  96  8:07  Liberator  
  96  8:11  Widow Mine  
  103  8:13  Widow Mine  
  103  8:14  Marine  
  103  8:19  Marine, Marauder  
  107  8:23  Marine  
  107  8:32  Marine  
  108  8:41  Marauder, Marine  
  110  8:42  Marauder  
  110  8:47  Liberator  
  112  8:48  Widow Mine x2  
  112  8:50  Marine  
  113  8:56  Supply Depot  
  113  8:59  Marine  
  113  9:02  Marauder  
  116  9:03  Marauder  
  116  9:08  Marine  
  116  9:09  Widow Mine  
  121  9:10  Widow Mine  
  121  9:16  Marine  
  116  9:19  Medivac  
  116  9:23  Marauder  
  116  9:24  Marine  
  116  9:25  Medivac  
  116  9:26  Marine  
  116  9:31  Widow Mine x2  
  124  9:34  Marine  
  124  9:37  Barracks  
  125  9:39  Barracks  
Show
View Real Time Build Order
Export as new Build Order

Geralt Protoss 

Build Orders:  

Get SALT Encoding   

  8  0:00  Probe  
  9  0:12  Probe  
  10  0:24  Probe  
  10  0:27  Pylon  
  11  0:36  Probe (Chrono Boost)  
  12  0:48  Probe (Chrono Boost)  
  13  0:53  Probe (Chrono Boost)  
  13  0:56  Gateway  
  14  1:03  Probe  
  15  1:07  Assimilator  
  15  1:15  Probe  
  16  1:27  Probe  
  17  1:39  Probe  
  18  1:43  Cybernetics Core  
  18  1:51  Probe  
  19  2:03  Probe  
  19  2:06  Nexus  
  20  2:12  Pylon  
  20  2:15  Probe  
  21  2:19  Assimilator  
  21  2:29  Stalker (Chrono Boost)  
  21  2:31  Probe  
  21  2:35  Warp Gate (Chrono Boost)  
  24  2:45  Probe  
  24  2:47  Adept  
  27  2:57  Probe  
  28  3:04  Gateway  
  28  3:09  Probe  
  29  3:20  Stalker  
  29  3:21  Probe  
  31  3:28  Probe  
  31  3:31  Gateway  
  31  3:33  Probe  
  33  3:40  Probe  
  34  3:43  Pylon  
  34  3:45  Probe  
  35  3:49  Shield Battery  
  35  3:52  Probe  
  36  3:58  Probe  
  37  4:04  Probe  
  36  4:10  Probe  
  36  4:13  Pylon  
  36  4:16  Probe  
  38  4:20  Stalker  
  38  4:22  Stalker  
  38  4:36  Probe  
  36  4:44  Stalker  
  38  4:48  Stalker  
  37  4:56  Probe (Chrono Boost)  
  38  5:02  Probe (Chrono Boost)  
  38  5:06  Stalker  
  41  5:07  Probe (Chrono Boost)  
  41  5:08  Stalker  
  41  5:11  Stalker, Probe (Chrono Boost)  
  41  5:12  Probe (Chrono Boost)  
  47  5:21  Probe  
  47  5:22  Stalker  
  48  5:35  Probe  
  43  5:38  Probe  
  40  5:45  Twilight Council  
  40  5:47  Probe (Chrono Boost)  
  41  5:52  Probe (Chrono Boost)  
  42  5:58  Sentry  
  42  5:59  Probe (Chrono Boost)  
  42  6:02  Probe (Chrono Boost)  
  46  6:05  Probe (Chrono Boost)  
  46  6:07  Probe (Chrono Boost)  
  46  6:09  Nexus  
  48  6:13  Probe  
  48  6:15  Charge (Chrono Boost)  
  48  6:16  Pylon  
  48  6:17  Probe  
  50  6:27  Gateway  
  50  6:28  Gateway  
  50  6:33  Pylon  
  50  6:37  Probe  
  50  6:38  Probe  
  52  6:42  Zealot x2  
  52  6:44  Pylon  
  58  6:55  Gateway  
  58  6:57  Gateway  
  58  6:58  Gateway  
  56  7:05  Probe  
  57  7:14  Zealot x3, Probe  
  64  7:18  Probe  
  65  7:36  Zealot x5  
  75  7:38  Blink (Chrono Boost)  
  75  7:48  Forge  
  75  7:53  Probe  
  75  7:54  Probe  
  75  7:57  Pylon  
  77  8:00  Pylon  
  77  8:02  Stalker x3  
  77  8:04  Sentry  
  85  8:05  Probe  
  85  8:06  Probe x2  
  85  8:07  Pylon  
  85  8:10  Assimilator  
  88  8:17  Zealot x4, Probe  
  97  8:26  Zealot x2  
  93  8:29  Zealot  
  93  8:31  Probe  
  92  8:38  Zealot  
  91  8:45  Probe  
  88  8:50  Stalker x3, Pylon  
  88  8:54  Probe  
  95  8:56  Zealot  
  95  9:01  Probe  
  98  9:05  Zealot  
  90  9:19  Zealot x7  
  95  9:29  Probe  
  90  9:32  Zealot  
  73  9:50  Zealot x7  
  75  9:54  Probe  
Tags
 
Add a new tag
Caveats
  • Supply blocks, unpowered buildings, or Contaminate may cause inaccurate times.
  • Supply counts are checked every 10 seconds.